Map: Mothership LE

Players

Krkmto - Winner!

  • Race: Terran Terran
  • League: Gold
  • Spawn Location: 1:00

Greatmove

  • Race: Zerg Zerg
  • League: Master
  • Spawn Location: 6:00

VOD

Have the link to the VOD?

Description

Time

  • Played on: Feb. 7, 2026, 9:48 a.m.
  • Length: 16:23
Show
View Real Time Build Order
Export as new Build Order

Krkmto Terran - Winner!

Build Orders: Gas First Reaper Expand 

Get SALT Encoding   

  12  0:01  SCV  
  13  0:15  Supply Depot  
  13  0:17  SCV  
  14  0:27  Refinery  
  14  0:42  SCV  
  15  0:43  Barracks  
  15  0:54  SCV  
  16  1:11  Barracks  
  16  1:22  Supply Depot  
  16  1:23  SCV  
  17  1:42  Command Center  
  17  1:47  SCV  
  19  1:54  Reaper  
  19  2:04  Factory  
  19  2:08  SCV  
  19  2:13  Refinery  
  20  2:26  Reaper  
  21  2:34  Orbital Command  
  21  2:46  Bunker  
  21  2:54  Factory Tech Lab  
  21  3:07  Orbital Command  
  21  3:10  SCV  
  22  3:14  Barracks Reactor  
  22  3:20  Siege Tank  
  22  3:25  SCV  
  26  3:36  SCV  
  26  3:37  SCV  
  28  3:48  SCV  
  29  3:49  SCV  
  30  4:00  SCV  
  30  4:24  Marine x2  
  30  4:27  SCV x2  
  34  4:34  Siege Tank  
  34  4:37  Starport  
  37  4:39  SCV x2  
  37  4:42  Engineering Bay, Marine x2  
  37  4:43  Engineering Bay  
  41  4:50  Factory  
  41  4:51  SCV x2  
  43  5:00  Marine x2  
  43  5:03  SCV  
  46  5:10  Barracks  
  46  5:14  Terran Infantry Armor Level 1  
  46  5:15  Barracks  
  46  5:17  Starport Reactor  
  46  5:31  Supply Depot x3  
  46  5:32  Supply Depot  
  46  5:37  Terran Infantry Weapons Level 1  
  46  5:44  Refinery  
  46  5:52  Marine x2  
  46  5:53  SCV x2, Siege Tank  
  49  6:05  SCV x2  
  49  6:10  Marine  
  43  6:14  Marine  
  43  6:15  Hellion  
  43  6:25  Siege Tank  
  25  6:34  SCV x2  
  25  6:36  Hellion  
  28  6:46  SCV x2  
  27  6:48  Marine  
  26  6:57  Hellion  
  26  6:58  Hellion, SCV  
  32  7:10  SCV  
  32  7:19  Hellion  
  32  7:22  SCV  
  32  7:23  Siege Tank  
  35  7:31  Supply Depot  
  35  7:32  Supply Depot  
  35  7:35  SCV  
  36  7:47  SCV  
  37  7:59  SCV  
  37  8:00  Command Center  
  37  8:01  Barracks Tech Lab, Barracks Reactor  
  38  8:11  SCV  
  38  8:12  Factory Reactor  
  39  8:14  Liberator x2  
  45  8:38  Marine x3  
  48  8:45  Orbital Command  
  48  8:56  Marine x2  
  48  8:57  Marauder, Widow Mine x2  
  56  9:14  Marine x2, SCV  
  56  9:15  SCV  
  60  9:18  Widow Mine, Marauder  
  60  9:19  Widow Mine  
  66  9:26  SCV  
  66  9:27  SCV  
  68  9:32  Marine x2  
  68  9:37  Supply Depot  
  70  9:38  Supply Depot, SCV  
  70  9:39  SCV, Supply Depot  
  70  9:40  Marauder  
  70  9:42  Bunker  
  74  9:46  Bunker  
  74  9:49  Marine  
  74  9:51  SCV x2  
  77  10:03  Refinery, Missile Turret  
  73  10:13  Marine  
  73  10:14  Marine, Marauder  
  70  10:22  Armory  
  70  10:23  Medivac  
  72  10:29  Refinery  
  72  10:31  Marine x2  
  76  10:35  Marauder  
  76  10:42  Widow Mine x3  
  82  10:49  Marine x2  
  84  10:55  Orbital Command  
  86  10:57  Marauder  
  86  11:07  Marine x2  
  88  11:12  Sensor Tower  
  88  11:16  Viking  
  88  11:18  Marine  
  91  11:22  Viking  
  91  11:25  Marine x2  
  95  11:36  Marauder  
  97  11:42  Marine  
  97  11:43  Marine  
  99  11:57  Marauder  
  99  12:00  Marine x2  
  103  12:18  Marine x3  
  106  12:29  Orbital Command  
  106  12:36  Marine x3  
  109  12:41  SCV x2  
  111  12:48  Thor  
  117  12:53  SCV x2  
  117  12:54  Marine x2, Marauder  
  117  12:57  Barracks  
  117  12:58  Barracks, Viking  
  125  12:59  Barracks  
  125  13:19  Supply Depot  
  125  13:20  Supply Depot  
  125  13:26  Supply Depot  
  125  13:40  Thor, Marine x2  
  133  13:41  SCV x3  
  133  13:42  Marauder  
  133  13:46  Barracks Reactor, Missile Turret  
  133  13:48  Barracks Tech Lab  
  138  13:49  Supply Depot  
  138  13:50  Missile Turret, Medivac  
  138  13:51  Barracks Reactor  
  138  13:54  SCV x3, Widow Mine  
  138  13:55  Widow Mine  
  147  13:58  Marine  
  148  14:04  Marine  
  148  14:08  Missile Turret  
  149  14:10  SCV x3  
  149  14:11  Marauder  
  149  14:12  Marauder  
  149  14:16  Marine  
  157  14:19  Missile Turret  
  157  14:21  Missile Turret  
  157  14:46  Missile Turret  
  157  14:53  Missile Turret  
  157  14:55  Missile Turret  
  157  15:01  Marine x3, SCV x3  
  157  15:02  Marauder  
  165  15:08  Missile Turret  
  165  15:16  Refinery  
  165  15:18  Refinery  
  165  15:21  Command Center  
  165  15:48  Marine x2  
  165  15:49  Marine x3  
  165  15:50  Marine x2  
  165  15:51  Marauder  
Show
View Real Time Build Order
Export as new Build Order

Greatmove Zerg 

Build Orders: 1 Base Baneling Bust, Pool First 

Get SALT Encoding   

  12  0:00  Drone  
  13  0:08  Drone  
  14  0:19  Overlord  
  14  0:35  Spawning Pool  
  13  0:36  Drone  
  13  0:42  Drone  
  15  0:45  Drone  
  15  0:49  Drone  
  17  1:00  Drone  
  18  1:13  Extractor  
  18  1:14  Drone  
  18  1:20  Drone  
  18  1:22  Queen  
  21  1:30  Overlord  
  21  1:41  Drone  
  22  1:53  Drone  
  23  2:06  Extractor, Drone  
  23  2:16  Baneling Nest  
  23  2:18  Drone  
  23  2:24  Drone  
  24  2:32  Drone, Zergling x4  
  24  2:34  Hatchery  
  24  2:35  Metabolic Boost  
  26  2:37  Drone  
  27  2:46  Overlord  
  27  3:12  Drone  
  28  3:14  Queen  
  28  3:16  Zergling x6  
  33  3:44  Zergling x4  
  35  3:50  Zergling x6  
  35  3:51  Zergling x2  
  39  3:58  Zergling x4  
  41  4:20  Zergling x6  
  44  4:24  Overlord x2  
  44  4:36  Lair  
  44  4:44  Drone x4  
  44  4:45  Drone  
  49  4:58  Zergling x4  
  49  4:59  Zergling x4  
  52  5:02  Zergling x4  
  54  5:12  Baneling x5  
  54  5:13  Baneling x5  
  54  5:14  Zergling x4  
  56  5:20  Zergling x6  
  59  5:27  Spore Crawler  
  58  5:31  Zergling x2  
  58  5:32  Zergling x2  
  60  5:41  Overlord x2  
  52  6:08  Zergling x14  
  52  6:09  Zergling x2  
  51  6:26  Zergling x4  
  51  6:38  Zergling x2  
  51  6:39  Zergling x4  
  53  6:40  Zergling x2  
  51  6:50  Baneling x3  
  51  6:51  Baneling x6  
  50  7:07  Hydralisk Den  
  45  7:28  Zergling x2  
  45  7:29  Zergling x16  
  52  7:31  Zergling x2  
  53  7:44  Zergling x2  
  54  7:53  Hatchery  
  54  7:54  Zergling x6  
  55  8:03  Zergling x2  
  53  8:09  Zergling x4  
  50  8:50  Hydralisk x2  
  50  8:51  Hydralisk x5  
  64  9:21  Drone x2  
  64  9:22  Drone x4  
  70  9:28  Extractor  
  69  9:38  Extractor  
  69  9:41  Extractor  
  67  9:45  Queen  
  67  9:47  Overlord  
  67  9:48  Overlord  
  67  9:49  Drone x3  
  67  9:50  Drone x2  
  66  10:01  Hydralisk  
  66  10:02  Hydralisk x4  
  67  10:17  Hydralisk x7  
  81  10:32  Spire  
  80  10:54  Muscular Augments  
  80  11:17  Pneumatized Carapace  
  80  11:19  Drone x3  
  80  11:20  Drone x7  
  80  11:21  Drone x5  
  80  11:23  Hatchery  
  94  11:28  Spore Crawler  
  93  11:34  Spore Crawler  
  92  12:00  Overseer x2  
  92  12:01  Overseer  
  92  12:03  Overseer x2  
  92  12:09  Corruptor x3  
  92  12:10  Overlord  
  92  12:11  Overlord  
  98  12:38  Corruptor x2  
  98  12:39  Corruptor x3  
  107  12:45  Corruptor x2  
  111  13:11  Drone  
  111  13:12  Overlord x2  
  112  13:29  Overlord x2  
  112  13:30  Queen  
  114  13:37  Drone x4  
  114  13:38  Drone x2  
  120  13:47  Drone  
  120  13:48  Drone x3  
  123  13:49  Drone  
  125  14:04  Zerg Flyer Weapons Level 1  
  125  14:05  Queen  
  127  14:15  Infestation Pit  
  126  14:30  Overlord x3  
  126  14:41  Queen  
  128  14:50  Corruptor  
  128  14:51  Corruptor x7  
  128  14:52  Corruptor x7  
  150  14:53  Corruptor  
  160  15:00  Hive  
  160  15:29  Corruptor x3  
  166  15:44  Hydralisk  
  166  15:49  Hydralisk x4  
  161  15:53  Hydralisk  
Tags
 
Add a new tag
Caveats
  • Supply blocks, unpowered buildings, or Contaminate may cause inaccurate times.
  • Supply counts are checked every 10 seconds.